 Dungeon Crawl Stone Soup version 0.17.0-22-g5edae84 (webtiles) character file.

35 septik the Chopper (level 3, 0/31 HPs)
             Began as a Minotaur Fighter on Nov 12, 2015.
             Was an Initiate of Okawaru.
             Killed by nerve-wracking pain
             ... invoked by an orc priest
              (14 damage)
             ... on level 3 of the Dungeon.
             The game lasted 00:02:43 (1722 turns).

septik the Chopper (Minotaur Fighter)               Turns: 1722, Time: 00:02:43

Health: 0/31       AC: 10    Str: 20    XL:     3   Next: 16%
Magic:  5/11       EV:  5    Int:  5    God:    Okawaru [......]
Gold:   100        SH:  9    Dex: 10    Spells: 0 memorised, 2 levels left

rFire  . . .     SeeInvis .     a - +0 war axe
rCold  + . .     Clarity  .     t - +0 chain mail
rNeg   . . .     SustAt   .     c - +0 shield
rPois  .         Gourm    .     (helmet restricted)
rElec  .         Spirit   .     (no cloak)
rCorr  .         Warding  .     n - +0 pair of gloves
rMut   .         Stasis   .     (no boots)
MR     .....                    (no amulet)
Stlth  ..........               A - ring of protection from cold
                                r - ring of magical power

@: slowed, very slow, not resistant to hostile enchantments, extremely
unstealthy
A: retaliatory headbutt, horns 2
a: Renounce Religion


You were on level 3 of the Dungeon.
You worshipped Okawaru.
Okawaru was noncommittal.
You were hungry.

You visited 1 branch of the dungeon, and saw 3 of its levels.

You collected 100 gold pieces.

Inventory:

Hand Weapons
 a - a +0 war axe (weapon)
Armour
 b - a +0 scale mail
 c - a +0 shield (worn)
 n - a +0 pair of gloves (worn)
 t - a +0 chain mail (worn)
Jewellery
 q - an uncursed ring of teleportation
 r - a ring of magical power (left hand)
 A - a ring of protection from cold (right hand)
Scrolls
 g - a scroll of fear
 k - 2 scrolls of remove curse
 m - 2 scrolls of immolation {unknown}
 s - a scroll of fog {unknown}
 u - a scroll of blinking {unknown}
 w - a scroll of recharging {unknown}
 y - a scroll of identify {unknown}
Potions
 d - a potion of might
 j - a potion of ambrosia {unknown}
 o - a potion of lignification {unknown}
 p - 2 potions of degeneration {unknown}
 v - a potion of heal wounds {unknown}
 x - a potion of flight {unknown}
 z - a potion of poison {unknown}
Comestibles
 e - 8 bread rations
 h - a slice of pizza
 i - 5 fruits
 l - a beef jerky


   Skills:
 - Level 3.6 Fighting
 + Level 4.4 Axes
 - Level 3.6 Armour
 - Level 3.6 Shields


You had 2 spell levels left.
You didn't know any spells.

Dungeon Overview and Level Annotations

Branches:
Dungeon (3/15)

Altars:
Cheibriados
Okawaru


Innate Abilities, Weirdness & Mutations

You reflexively headbutt those who attack you in melee.
You have a pair of horns on your head.


Message History

The orc hits you but does no damage. The rat bites you but does no damage.
The orc wizard hits you but does no damage.
You block the orc's attack.
The orc wizard casts a spell.
The orc wizard blinks!
The rat bites you but does no damage.
The orc wizard casts a spell.
The orc wizard blinks!
The orc barely misses you. The rat bites you but does no damage.
You block the orc priest's attack.
The orc wizard gestures at you while chanting.
You feel as though you will be slow longer.
The orc wizard points at you and mumbles some strange words.
The magic dart hits you! The rat barely misses you. You furiously retaliate!
You headbutt the rat!
You kill the rat!
Okawaru accepts your kill. You block the orc's attack.
The orc priest invokes the aid of Beogh against you.
Pain shoots through your body!
You die...

.. ####.#............###.. .
#.#............# #..
#.#............##### ....
#.#..........#>..... ....
#.#..........####### .....
#.#..........'...... .....
#.#..........####### ......
#.#..........##.....
.....#####.#@###########.....
#..)..o†.## #..... #.....oo.#
###### #.......o# #........#
#........# #?.......#
#........# #........#


You could see an orc priest, an orc wizard and 2 orcs.

Vanquished Creatures
  An adder (D:2)
  A giant gecko (D:1)
  An orc (D:3)
  A ball python (D:1)
  2 giant cockroaches (D:1)
  2 goblins
  A hobgoblin (D:1)
  3 jackals (D:2)
  2 bats
  A giant newt (D:3)
  4 kobolds
  4 rats
23 creatures vanquished.

Notes
Turn   | Place    | Note
--------------------------------------------------------------
     0 | D:1      | septik the Minotaur Fighter began the quest for the Orb.
     0 | D:1      | Reached XP level 1. HP: 19/19 MP: 0/0
   494 | D:1      | Reached XP level 2. HP: 26/26 MP: 1/1
   738 | D:2      | Found a snail-covered altar of Cheibriados.
   954 | D:2      | Reached skill level 4 in Axes
  1091 | D:2      | Found an iron altar of Okawaru.
  1102 | D:2      | Became a worshipper of Warmaster Okawaru
  1203 | D:2      | Reached XP level 3. HP: 26/31 MP: 2/2
  1722 | D:3      | Killed from afar by an orc priest

Action                   || total
-------------------------++-------
Melee: War axe           ||    57
  Use: Scroll            ||     3
  Eat: Chunk             ||     2
